 Dungeon Crawl Stone Soup version 0.16-a0-3928-g3e66e92 (console) character file.

0 mauris the Grasshopper (level 1, 2/10 HPs) *WIZ*
             Began as a Spriggan Warper on Mar 29, 2015.
             Took a swim in molten lava
             ... on level 27 of a ziggurat on Mar 30, 2015.
             The game lasted 00:20:48 (1650 turns).

mauris the Grasshopper (Spriggan Warper)            Turns: 1650, Time: 00:20:49

Health: 2/10       AC:  1    Str: 70    XL:     1   Next: 0%
Magic:  3/3        EV: 17    Int: 72    God:    No God 0 (0)
Gold:   0          SH:  0    Dex: 70    Spells: 1 memorised, 1 level left

rFire  . . .     SeeInvis +     a - +0 short sword
rCold  . . .     Clarity  .     b - +0 robe
rNeg   . . .     SustAb   .     (shield restricted)
rPois  .         Gourm    .     (helmet restricted)
rElec  .         Spirit   .     (no cloak)
rCorr  .         Warding  .     (gloves unavailable)
rMut   .         Stasis   .     (boots unavailable)
MR     .....                    (no amulet)
Stlth  ++........               (no ring)
                                (no ring)

@: contaminated, hasted, glowing, very quick, not resistant to hostile
enchantments, unstealthy
A: unfitting armour, see invisible, clumsy 1, deformed body, herbivore 3, speed
3, slow metabolism 2, weak 1, placid magic 1, MP-powered wands 1
a: no special abilities


You were on level 27 of a ziggurat.
You were not hungry.

You visited 1 branch of the dungeon, and saw 1 of its levels.
You visited 1 ziggurat, and saw 1 of its levels.

Inventory:

Hand weapons
 a - a +0 short sword (weapon)
Missiles
 e - 5 tomahawks of dispersal (quivered)
Armour
 b - a +0 robe (worn)
Books
 c - a book of Spatial Translocations

   Spells                             Type                      Level
   a - Apportation                    Translocation                1
   b - Blink                          Translocation                2
   c - Shroud of Golubria             Charms/Translocation         2
   d - Portal Projectile              Translocation                3
   e - Teleport Other                 Translocation                3
   f - Passage of Golubria            Translocation                4
Comestibles
 f - a bread ration


   Skills:
 - Level 1.0 Fighting
 - Level 1.0(1.3) Short Blades
   Level 1.0(1.1) Long Blades
   Level 1.0(1.4) Axes
   Level 1.0(1.3) Maces & Flails
   Level 1.0(1.3) Polearms
   Level 1.0(1.3) Staves
   Level 1.0(1.2) Slings
   Level 1.0 Bows
   Level 1.0 Crossbows
 - Level 1.0(1.1) Throwing
 - Level 1.0 Armour
 - Level 1.0 Dodging
 - Level 1.0 Stealth
   Level 1.0 Shields
 - Level 1.0 Unarmed Combat
 - Level 1.0 Spellcasting
   Level 1.0 Conjurations
   Level 1.0 Hexes
   Level 1.0 Charms
   Level 1.0 Summonings
   Level 1.0 Necromancy
 - Level 1.0 Translocations
   Level 1.0 Transmutations
   Level 1.0 Fire Magic
   Level 1.0 Ice Magic
   Level 1.0 Air Magic
   Level 1.0 Earth Magic
   Level 1.0 Poison Magic
   Level 1.0 Invocations
   Level 1.0 Evocations


You had one spell level left.
You knew the following spells:

 Your Spells              Type           Power        Failure   Level  Hunger
a - Apportation           Tloc           12 (1000)    1%          1    0


Dungeon Overview and Level Annotations

Branches:
Dungeon (1/15)

Altars:


Innate Abilities, Weirdness & Mutations

You are tiny and cannot use many weapons and most armour.
You have supernaturally acute eyesight.
You are a herbivore.
You cover ground extremely quickly.
You need consume almost no food.
You are clumsy. (Dex -2)
Armour fits poorly on your strangely shaped body.
You are weak. (Str -2)
Your spells are a little easier to cast, but a little less powerful.
You expend magic power (3 MP) to slightly strengthen your wands.


Message History

The orb of destruction hits the bat.
The bat is blown up!
The orb fizzles.
Why would you want to do that?
Press: ? - help, v - describe, . - travel The floor.
Unknown command.
Enter Wizard Command (? - help): a) haste : 3798 Edit which duration (letter or name)?
No durations matching 'fly'.
Enter Wizard Command (? - help): a) haste : 3798 Edit which duration (letter or name)?
Set 'flight' to: 1 Are you sure you want to fly over lava while you are losing your buoyancy?
You float gracefully downwards.
You fall into the lava!
The lava burns you to a cinder!
Die?
You die...

.................................
.................................
.................................
.................................
.................................
...§.§§..........................
..§§§..........≈≈≈...............
...............≈.≈...............
...............≈@≈...............
.................................
.....................§...........
.................................
.................................
.................................
.................................
▓▓▓▓▓▓▓▓▓...............▓▓▓▓▓▓▓▓▓
▓...............▓


There were no monsters in sight!

Vanquished Creatures
  4 statues (Zig:27)
4 creatures vanquished.

Vanquished Creatures (others)
  10 statues (Zig:27)
  3 bats (Zig:27)
13 creatures vanquished.

Grand Total: 17 creatures vanquished

Notes
Turn   | Place    | Note
--------------------------------------------------------------
     0 | D:1      | mauris, the Spriggan Warper, began the quest for the Orb.
     0 | D:1      | Reached XP level 1. HP: 10/10 MP: 4/4
     0 | D:1      | Entered wizard mode.
     0 | Zig:27   | Entered Level 27 of a ziggurat
    31 | Zig:27   | Noticed a statue
   104 | Zig:27   | Killed a statue
   104 | Zig:27   | Reached skill level 7 in Translocations
   104 | Zig:27   | Reached XP level 2. HP: 14/16 MP: 6/8
   104 | Zig:27   | Reached XP level 3. HP: 16/19 MP: 8/11
   104 | Zig:27   | Reached XP level 4. HP: 19/23 MP: 10/14
   104 | Zig:27   | Reached XP level 5. HP: 22/27 MP: 11/16
   104 | Zig:27   | Reached XP level 6. HP: 26/32 MP: 12/18
   105 | Zig:27   | Reached XP level 7. HP: 28/35 MP: 13/20
   105 | Zig:27   | Reached XP level 8. HP: 31/39 MP: 14/22
   105 | Zig:27   | Reached XP level 9. HP: 34/43 MP: 14/23
   105 | Zig:27   | Reached XP level 10. HP: 37/47 MP: 14/24
   105 | Zig:27   | Reached XP level 11. HP: 40/51 MP: 14/25
   105 | Zig:27   | Reached XP level 12. HP: 43/56 MP: 15/27
   105 | Zig:27   | Reached XP level 13. HP: 45/59 MP: 15/28
   105 | Zig:27   | Reached XP level 14. HP: 48/63 MP: 15/28
   105 | Zig:27   | Reached XP level 15. HP: 51/67 MP: 15/29
   105 | Zig:27   | Reached XP level 16. HP: 54/71 MP: 15/30
   105 | Zig:27   | Reached XP level 17. HP: 57/75 MP: 15/31
   105 | Zig:27   | Reached XP level 18. HP: 60/79 MP: 15/31
   105 | Zig:27   | Reached XP level 19. HP: 63/83 MP: 15/32
   105 | Zig:27   | Reached XP level 20. HP: 66/87 MP: 15/33
   105 | Zig:27   | Reached XP level 21. HP: 69/91 MP: 15/33
   105 | Zig:27   | Reached XP level 22. HP: 72/95 MP: 15/34
   105 | Zig:27   | Reached XP level 23. HP: 75/99 MP: 15/34
   105 | Zig:27   | Reached XP level 24. HP: 78/103 MP: 15/35
   105 | Zig:27   | Reached XP level 25. HP: 81/107 MP: 15/36
   105 | Zig:27   | Reached XP level 26. HP: 84/111 MP: 15/36
   105 | Zig:27   | Reached XP level 27. HP: 87/115 MP: 15/36
   185 | Zig:27   | Blown up by a statue (76 damage) ... with an orb of destruction
   620 | Zig:27   | Blown up by a statue (58 damage) ... with an orb of destruction
   636 | Zig:27   | Blown up by a statue (49 damage) ... with an orb of destruction
   666 | Zig:27   | Blown up by a statue (50 damage) ... with an orb of destruction
   694 | Zig:27   | Blown up by a statue (49 damage) ... with an orb of destruction
   775 | Zig:27   | Blown up by a statue (26 damage) ... with a wavering orb of destruction
  1031 | Zig:27   | Gained mutation: Armour fits poorly on your strangely shaped body. [mutagenic glow]
  1097 | Zig:27   | Gained mutation: You are clumsy. (Dex -2) [mutagenic glow]
  1192 | Zig:27   | Gained mutation: Your spells are a little easier to cast, but a little less powerful. [mutagenic glow]
  1435 | Zig:27   | Gained mutation: You expend magic power (3 MP) to slightly strengthen your wands. [mutagenic glow]
  1607 | Zig:27   | Gained mutation: You are weak. (Str -2) [mutagenic glow]
  1626 | Zig:27   | Reached XP level 26. HP: 170/869 MP: 49/50
  1626 | Zig:27   | Reached XP level 25. HP: 166/863 MP: 48/50
  1626 | Zig:27   | Reached XP level 24. HP: 162/858 MP: 47/50
  1626 | Zig:27   | Reached XP level 23. HP: 158/853 MP: 46/49
  1626 | Zig:27   | Reached XP level 22. HP: 154/848 MP: 45/49
  1626 | Zig:27   | Reached XP level 21. HP: 150/842 MP: 44/48
  1626 | Zig:27   | Reached XP level 20. HP: 146/837 MP: 43/48
  1626 | Zig:27   | Reached XP level 19. HP: 142/832 MP: 42/47
  1626 | Zig:27   | Reached XP level 18. HP: 138/827 MP: 41/46
  1626 | Zig:27   | Reached XP level 17. HP: 134/821 MP: 40/46
  1626 | Zig:27   | Reached XP level 16. HP: 130/816 MP: 39/45
  1626 | Zig:27   | Reached XP level 15. HP: 126/811 MP: 38/44
  1626 | Zig:27   | Reached XP level 14. HP: 122/807 MP: 37/44
  1626 | Zig:27   | Reached XP level 13. HP: 118/801 MP: 36/43
  1626 | Zig:27   | Reached XP level 12. HP: 114/796 MP: 35/42
  1626 | Zig:27   | Reached XP level 11. HP: 110/791 MP: 34/41
  1626 | Zig:27   | Reached XP level 10. HP: 106/786 MP: 33/40
  1626 | Zig:27   | Reached XP level 9. HP: 102/780 MP: 32/39
  1626 | Zig:27   | Reached XP level 8. HP: 98/775 MP: 31/38
  1626 | Zig:27   | Reached XP level 7. HP: 94/770 MP: 30/37
  1626 | Zig:27   | Reached XP level 6. HP: 90/765 MP: 29/36
  1626 | Zig:27   | Reached XP level 5. HP: 86/759 MP: 28/34
  1626 | Zig:27   | Reached XP level 4. HP: 82/754 MP: 27/33
  1626 | Zig:27   | Reached XP level 3. HP: 78/749 MP: 26/31
  1626 | Zig:27   | Reached XP level 2. HP: 74/744 MP: 25/29
  1626 | Zig:27   | Reached XP level 1. HP: 70/738 MP: 24/26
  1650 | Zig:27   | Took a swim in molten lava

Action                   |  1- 3 |  4- 6 |  7- 9 | 10-12 | 13-15 | 16-18 | 19-21 | 22-24 | 25-27 || total
-------------------------+-------+-------+-------+-------+-------+-------+-------+-------+-------++-------
Melee: Short sword       |    74 |       |       |       |       |       |       |       |    10 ||    84
  Use: Scroll            |       |       |       |       |       |       |       |       |     1 ||     1
 Stab: Sleeping          |     1 |       |       |       |       |       |       |       |       ||     1
